 Dungeon Crawl Stone Soup version 0.30.1-9-gdf580d7c3d (webtiles) character file.

Game seed: 6878746331958820549

30 martinvanburen the Ruffian (level 3, -2/28 HPs)
             Began as a Draconian Transmuter on Oct 6, 2023.
             Was an Initiate of Ashenzari.
             Slain by a scorpion (5 damage)
             ... on level 3 of the Dungeon.
             The game lasted 00:12:50 (709 turns).

martinvanburen the Ruffian (Draconian Transmuter)    Turns: 709, Time: 00:12:50

Health: -2/28      AC:  5    Str: 14    XL:     3   Next: 3%
Magic:  6/6        EV: 12    Int: 13    God:    Ashenzari [......]
Gold:   67         SH:  0    Dex: 11    Spells: 3/6 levels left

rFire   . .          .
                       - Unarmed
rCold   . . .        (no shield)
rNeg    . . .        (body armour unavailable)
rPois   .            (helmet restricted)
rElec   .            (no cloak)
rCorr   .            (no gloves)
SInv    .            (no boots)
Will    .....        i - amulet of magic regeneration
Stlth   +            (no ring)
HPRegen 0.24/turn    (no ring)
MPRegen 0.50/turn

%: no passive effects
@: lethally poisoned (-2 -> -15)
A: AC +5, unfitting armour, cold-blooded
a: Renounce Religion


You were on level 3 of the Dungeon.
You worshipped Ashenzari.
Ashenzari was noncommittal.
You visited 1 branch of the dungeon, and saw 4 of its levels.

You collected 67 gold pieces.

Inventory:

Hand Weapons
 c - a +1 dagger of holy wrath
 g - a +0 dagger
Missiles
 d - 9 stones
Armour
 j - a +0 chain mail
Jewellery
 i - an amulet of magic regeneration (around neck)
Scrolls
 b - a scroll of fear
 e - 3 scrolls of identify
 h - a scroll of magic mapping
 k - a scroll of teleportation {unknown}
Potions
 a - 3 potions of lignification
 f - a potion of curing {unknown}


   Skills:
 + Level 1.1 Fighting
 + Level 2.1 Dodging
 + Level 3.5 Unarmed Combat
 + Level 2.2 Spellcasting
 + Level 2.4 Transmutations


You had 3 spell levels left.
You knew the following spells:

 Your Spells              Type           Power      Damage    Failure   Level
a - Beastly Appendage     Tmut           14%        N/A       10%         1
b - Wereblood             Tmut           7%         N/A       14%         2

Your spell library contained the following spells:

 Spells                   Type           Power      Damage    Failure   Level
 Apportation              Tloc           2%         N/A       26%         1
 Cigotuvi's Dreadful Rot  Necr/Pois/Air  2%         N/A       36%         2
 Spider Form              Tmut/Pois      4%         N/A       41%         3
 Ignite Poison            Fire/Tmut/Pois 3%         N/A       47%         3
 Ice Form                 Ice/Tmut       4%         N/A       83%         4
 Alistair's Intoxication  Tmut/Pois      2%         N/A       99%         5
 Freezing Cloud           Conj/Ice/Air   0%         6-21      100%        5


Dungeon Overview and Level Annotations

Branches:
Dungeon (4/15)
 Temple: D:4-7

Altars:
Ashenzari


Innate Abilities, Weirdness & Mutations

Your plain brown scales are hard. (AC +5)
You cannot fit into any form of body armour.
You are cold-blooded and may be slowed by cold attacks.


Message History

A mysterious force pulls you upwards. The hatch slams shut behind you.
The kobold shouts!
The kobold hits you but does no damage.
Found a stone staircase leading down and a stone staircase leading up.
You can't go down here!
You hit the kobold but do no damage. The kobold misses you.
You hit the kobold.
You kill the kobold!
Casting: Wereblood (safe; 14% risk of failure)
Confirm with . or Enter, or press ? or * to list all spells.
You miscast Wereblood.
You are very lightly contaminated with residual magic.
Nothing appears to happen.
The scorpion stings you.
You closely miss the scorpion.
Your tail-slap misses the scorpion.
The scorpion stings you.
You hit the scorpion.
The scorpion is moderately wounded.
The scorpion stings you.
You are poisoned.
The scorpion poisons you! The scorpion stings you.
You barely miss the scorpion.
The scorpion is moderately wounded.
You feel very sick. The scorpion stings you!
You are lethally poisoned!
The scorpion poisons you!
You are too injured to fight recklessly!
You closely miss the scorpion.
The scorpion is moderately wounded.
* * * LOW HITPOINT WARNING * * *
You feel very sick.
The scorpion stings you but does no damage.
Your magical contamination has completely faded away.
You barely miss the scorpion. You tail-slap the scorpion.
The scorpion is moderately wounded.
* * * LOW HITPOINT WARNING * * *
You feel very sick. The scorpion stings you.
You die...

###########
#.)........
#..........
#..@.......
#..s.......
.............
......>........
............<..
...............
...............
...............
......


You could see a scorpion.

Vanquished Creatures
  3 bats
  4 endoplasms
  A giant cockroach (D:4)
  2 hobgoblins
  A quokka (D:2)
  2 ball pythons (D:1)
  3 frilled lizards
  4 goblins
  5 kobolds
  5 rats
30 creatures vanquished.

Notes
Turn   | Place    | Note
-------+----------+-------------------------------------------
     0 | D:1      | martinvanburen the Draconian Transmuter began the quest for
                  | the Orb.
     0 | D:1      | Reached XP level 1. HP: 16/16 MP: 3/3
   160 | D:1      | Reached XP level 2. HP: 8/23 MP: 5/5
   306 | D:2      | Learned a level 2 spell: Wereblood
   361 | D:2      | You fall into a shaft and drop 1 floor!
   361 | D:3      | Found a broken altar of Ashenzari.
   364 | D:3      | Became a worshipper of Ashenzari the Shackled
   506 | D:3      | Noticed a phantom
   686 | D:4      | Reached XP level 3. HP: 28/28 MP: 6/6
   699 | D:3      | Noticed a scorpion
   709 | D:3      | Slain by a scorpion

Illustrated notes

Levels and vault maps discovered:
D:1:      psy_arrival_terrarium, layout_rooms
D:2:      layout_rooms, minmay_between
D:3:      minmay_diamond_boxcup, layout_rooms, mainiacjoe_overflow_24_doors
D:4:      layout_cave_pods, lemuel_round_altar

Skill      XL: |  1 |
---------------+----+-----
Dodging        | 2 |  2.1
Fighting       | |  1.1
Unarmed Combat | |  3.5
Spellcasting   | |  2.2
Transmutations | |  2.4

Action                     || total
---------------------------++-------
  Melee: Unarmed           ||    85
         Tailslap          ||    10
         Headbutt          ||     3
         Kick              ||     3
         Punch             ||     2
   Cast: Beastly Appendage ||     4
    Use: Scroll            ||     3
 Armour: Skin              ||    20
  Dodge: Dodged            ||    42
